 Dungeon Crawl Stone Soup version 0.28-a0-313-gbc0475efdd (webtiles) character file.

Game seed: 15045768278726280874

179 capybara the Cutter (level 5, 0/28 HPs)
             Began as a Spriggan Cinder Acolyte on Aug 31, 2021.
             Was a High Priest of Ignis.
             Slain by a steam dragon (9 damage)
             ... on level 4 of the Dungeon on Sept 1, 2021.
             The game lasted 00:15:07 (5102 turns).

capybara the Cutter (Spriggan Cinder Acolyte)       Turns: 5102, Time: 00:15:08

Health: 0/28       AC:  2    Str: 11    XL:     5   Next: 32%
Magic:  1/10       EV: 15    Int: 15    God:    Ignis [*****.]
Gold:   118        SH:  0    Dex: 11    Spells: 8/9 levels left

rFire   + . .      SeeInvis +   a - -1 short sword (flame)
rCold   . . .      Faith    .   (shield restricted)
rNeg    . . .      Spirit   .   b - +0 robe
rPois   .          Reflect  .   (helmet restricted)
rElec   .          Harm     .   (no cloak)
rCorr   .          Rampage  .   (gloves unavailable)
Will    .....                   (boots unavailable)
Stlth   +.........              (no amulet)
HPRegen 0.09/turn               (no ring)
MPRegen 0.12/turn               (no ring)

@: very quick
A: very small, no large weapons, unfitting armour, see invisible, speed 3
a: Renounce Religion, Sea of Fire, Foxfire Swarm, Rising Flame


You were on level 4 of the Dungeon.
You worshipped Ignis.
Ignis was extremely pleased with you.
You visited 1 branch of the dungeon, and saw 4 of its levels.

You collected 140 gold pieces.
You spent 22 gold pieces at shops.

Inventory:

Hand Weapons
 a - a -1 short sword of flaming (weapon)
 i - a +1 whip of holy wrath
Missiles
 l - 34 stones (quivered)
 m - 46 arrows
 o - 5 datura-tipped darts
Armour
 b - a +0 robe (worn)
Magical Staves
 c - a staff of cold
Jewellery
 p - a ring of wizardry
Scrolls
 d - a scroll of fear {unknown}
 e - a scroll of magic mapping {unknown}
 f - 2 scrolls of identify {unknown}
 j - 3 scrolls of teleportation
 q - a scroll of enchant armour {unknown}
Potions
 g - a potion of might {unknown}
 h - a potion of haste {unknown}
 k - a potion of lignification {unknown}
 n - a potion of attraction {unknown}


   Skills:
 + Level 3.3 Fighting
 - Level 4.0 Short Blades
 - Level 2.7 Spellcasting
 * Level 2.7 Fire Magic


You had 8 spell levels left.
You knew the following spells:

 Your Spells              Type           Power      Damage    Failure   Level
a - Foxfire               Conj/Fire      24%        2x1d5     12%         1

Your spell library contained the following spells:

 Spells                   Type           Power      Damage    Failure   Level
 Ensorcelled Hibernation  Hex/Ice        4%         N/A       30%         2
 Spider Form              Tmut/Pois      1%         N/A       52%         3


Dungeon Overview and Level Annotations

Branches:
Dungeon (4/15)
 Temple: D:4-7

Altars:
Fedhas
Hepliaklqana

Shops:
D:4 (


Innate Abilities, Weirdness & Mutations

You are very small and have problems with some larger weapons.
You are too small for most types of armour.
You have supernaturally acute eyesight. (SInv)
You cover ground extremely quickly. (Speed+++)


Message History

The foxfire hits the steam dragon but does no damage.
The steam dragon is moderately wounded.
The foxfire hits the steam dragon.
The steam dragon is moderately wounded.
Casting: Foxfire (safe; 12% risk of failure)
Confirm with . or Enter, or press ? or * to list all spells.
You conjure some foxfire!
Casting: Foxfire (safe; 12% risk of failure)
Confirm with . or Enter, or press ? or * to list all spells.
You conjure some foxfire!
The foxfire hits the steam dragon but does no damage.
The steam dragon is moderately wounded.
The foxfire hits the steam dragon but does no damage.
The steam dragon is moderately wounded.
The steam dragon misses you. The steam dragon barely misses you.
The foxfire hits the steam dragon.
The steam dragon is heavily wounded.
The foxfire hits the steam dragon.
The steam dragon is severely wounded.
You open the door. The steam dragon breathes steam at you.
The ball of steam hits you. You resist.
Your magical contamination has completely faded away.
Casting: Foxfire (safe; 12% risk of failure)
Confirm with . or Enter, or press ? or * to list all spells.
You conjure some foxfire!
The steam dragon barely misses you. The steam dragon claws you.
Casting: Foxfire (safe; 12% risk of failure)
Confirm with . or Enter, or press ? or * to list all spells.
You conjure some foxfire!
The foxfire hits the steam dragon.
The steam dragon is severely wounded.
The foxfire hits the steam dragon.
The steam dragon is severely wounded.
The steam dragon bites you! The steam dragon closely misses you.
The foxfire hits the steam dragon.
The steam dragon is almost dead.
The foxfire hits the steam dragon.
The steam dragon is almost dead.
The steam dragon bites you!
You die...

######### #.......#
#.......# #.......#
#.......# # +.......####
#.#..........#
#............#
########.####...@#######
...............D§§.§....
.#######(##.##.§.#######
.# #D##...####
........)###...#
########(.....:. #
...#.#. # # ...+...
....#


You could see a steam dragon.

Vanquished Creatures
  A hound (D:2)
  A jelly (D:4)
  A bullfrog skeleton (D:4)
  2 adders (D:2)
  3 worms (D:2)
  2 orcs (D:3)
  6 endoplasms
  3 giant cockroaches
  8 goblins
  7 hobgoblins
  6 jackals
  3 kobolds
  3 quokkas
  3 ball pythons (D:1)
  2 bats
  A frilled lizard (D:1)
  5 rats
57 creatures vanquished.

Vanquished Creatures (others)
  198 foxfires
198 creatures vanquished.

Grand Total: 255 creatures vanquished

Notes
Turn   | Place    | Note
-------+----------+-------------------------------------------
     0 | D:1      | capybara the Spriggan Cinder Acolyte began the quest for
                  | the Orb.
     0 | D:1      | Reached XP level 1. HP: 11/11 MP: 3/3
   354 | D:1      | Found a faded altar of an unknown god.
   359 | D:1      | Reached skill level 1 in Fire Magic
   401 | D:1      | Reached XP level 2. HP: 14/16 MP: 3/5
  1969 | D:2      | Reached XP level 3. HP: 19/19 MP: 5/7
  2207 | D:2      | Found a blossoming altar of Fedhas.
  2683 | D:2      | Reached skill level 4 in Short Blades
  2683 | D:2      | Reached XP level 4. HP: 2/23 MP: 1/9
  4223 | D:3      | Found a hazy altar of Hepliaklqana.
  4523 | D:4      | Found Nymix's Weapon Shop.
  4538 | D:4      | Bought 5 datura-tipped darts for 22 gold pieces
  4567 | D:4      | Reached XP level 5. HP: 26/28 MP: 0/10
  4658 | D:4      | Noticed a black bear
  4797 | D:4      | Identified the +1 leather armour of the Tormentor {rF+
                  | Dex+4}
  5078 | D:4      | Noticed a steam dragon
  5102 | D:4      | Slain by a steam dragon

Illustrated notes

Levels and vault maps discovered:
D:1:      minmay_arrival_four_loops, layout_loops_cross,
          hellmonk_ecumenical_altar_crossroads
D:2:      layout_rooms, basic_altar, minmay_misc_feat_five
D:3:      layout_basic, mainiacjoe_overflow_24_doors, serial_glass,
          glass_columns_a, glass_columns_a, eino_tiny_chamber,
          palyth_stone_intersect
D:4:      layout_basic, nicolae_stop_n_shop_2

Skill      XL: |  1  2  3  4 |
---------------+-------------+-----
Fire Magic     | 1 2 |  2.7
Spellcasting   | 2 |  2.7
Short Blades   | 4 |  4.0
Fighting       | 3 |  3.3

Action                   |  1- 3 |  4- 6 || total
-------------------------+-------+-------++-------
Melee: Short sword       |    63 |    20 ||    83
Throw: Stone             |       |     8 ||     8
 Cast: Foxfire           |    56 |    64 ||   120
Invok: Foxfire Swarm     |     1 |       ||     1
  Use: Scroll            |       |     1 ||     1
Armor: Robe              |     8 |     4 ||    12
Dodge: Dodged            |    53 |    24 ||    77

Table legend: (Time is in decaauts)
 A = Elapsed time spent in this place.
 B = Non-inter-level travel time spent in this place.
 C = Inter-level travel time spent in this place.
 D = Time resting spent in this place.
 E = Time spent auto-exploring this place.
 F = Levels seen in this place.
 G = Mean time per level.
                   A        B        C        D        E       F      G
               +--------+--------+--------+--------+--------+-----+--------+
         Total |   4045 |   3900 |    145 |   1987 |    787 |   4 | 1011.2 |
       Dungeon |   4045 |   3900 |    145 |   1987 |    787 |   4 | 1011.2 |
               +--------+--------+--------+--------+--------+-----+--------+

Top non-repeatable levels by time:
     D:1: 1752 daAuts
     D:2: 964 daAuts
     D:3: 960 daAuts
     D:4: 367 daAuts
